 Dungeon Crawl Stone Soup version 0.30-a0-1160-g6e42c06551 (webtiles) character file.

Game seed: 9859955732418667048

4896 Anamonty the Tainter (level 10, -4/51 (57) HPs)
             Began as an Octopode Venom Mage on Apr 26, 2023.
             Slain by a wight
             ... wielding a +2 mace
              (5 damage)
             ... on level 8 of the Dungeon.
             The game lasted 00:16:16 (9261 turns).

Anamonty the Tainter (Octopode Venom Mage)          Turns: 9261, Time: 00:16:16

HP:   -4/51 (57)    AC:  1    Str:  9    XL:     10   Next: 51%
MP:   24/29         EV: 18    Int: 18    God:
Gold: 346           SH:  0    Dex: 21    Spells: 12/23 levels left

rFire   . . .        b - +6 dagger (venom)
rCold   . . .        (no shield)
rNeg    . . .        (helmet restricted)
rPois   .            (no amulet)
rElec   .            C - +6 ring of dexterity
rCorr   .            y - ring of magical power
SInv    .            E - +4 ring of slaying
Will    .....        (no ring)
Stlth   ++++         (no ring)
HPRegen 0.28/turn    (no ring)
MPRegen 0.21/turn    (no ring)
                     (no ring)

%: no passive effects
@: heavily drained
A: almost no armour, amphibious, 8 rings, camouflage 1, gelatinous body 1,
(nimble swimmer 1), tentacles
a: no special abilities


You were on level 8 of the Dungeon.
You visited 1 branch of the dungeon, and saw 9 of its levels.
You also visited: Sewer.

You collected 484 gold pieces.
You spent 138 gold pieces at shops.

Inventory:

Hand Weapons
 b - a +6 dagger of venom (weapon)
Jewellery
 y - a ring of magical power (right tentacle)
 C - a +6 ring of dexterity (left tentacle)
 E - a +4 ring of slaying (on tentacle)
 G - a ring of willpower
Wands
 q - a wand of digging (2)
 x - a wand of quicksilver (14)
 D - a wand of paralysis (9)
 F - a wand of mindburst (13)
Scrolls
 c - 5 scrolls of fear
 e - 3 scrolls of vulnerability
 g - a scroll of noise
 h - a scroll of silence {unknown}
 j - a scroll of enchant armour {unknown}
 m - 3 scrolls of magic mapping
 p - 5 scrolls of teleportation
 t - 4 scrolls of amnesia
 u - a scroll of immolation {unknown}
 w - 2 scrolls of poison {unknown}
Potions
 a - a potion of magic
 d - a potion of haste {unknown}
 f - 8 potions of curing
 i - 3 potions of brilliance
 l - 2 potions of invisibility {unknown}
 n - 4 potions of mutation
 o - 2 potions of cancellation {unknown}
 r - 2 potions of heal wounds {unknown}
 s - a potion of resistance
 v - 3 potions of lignification {unknown}
 z - 2 potions of degeneration {unknown}
 A - 2 potions of attraction {unknown}
 B - a potion of might {unknown}


   Skills:
 + Level 0.3 Fighting
 + Level 7.8 Dodging
 - Level 2.9 Stealth
 + Level 7.2 Spellcasting
 - Level 1.1 Transmutations
 * Level 13.1 Poison Magic


You had 12 spell levels left.
You knew the following spells:

 Your Spells              Type           Power      Damage    Failure   Level
a - Sting                 Tmut/Pois      100%       1d8       1%          1
b - Olgreb's Toxic Radia  Pois           52%        N/A       1%          4
c - Mephitic Cloud        Conj/Pois/Air  22%        N/A       5%          3
d - Ignite Poison         Fire/Tmut/Pois 23%        N/A       4%          3

Your spell library contained the following spells:

 Spells                   Type           Power      Damage    Failure   Level
 Poisonous Vapours        Pois/Air       60%        N/A       1%          2
 Cigotuvi's Dreadful Rot  Necr/Pois/Air  44%        N/A       2%          2
 Magic Dart               Conj           24%        1d4       11%         1
 Necrotise                Necr           24%        1d5       11%         1
 Searing Ray              Conj           12%        2d4       16%         2
 Sublimation of Blood     Necr           6%         N/A       16%         2
 Hailstorm                Conj/Ice       6%         3d4       32%         3
 Ozocubu's Armour         Ice            6%         N/A       32%         3
 Vampiric Draining        Necr           6%         2d6       32%         3
 Ice Form                 Ice/Tmut       8%         N/A       63%         4
 Petrify                  Tmut/Erth      8%         N/A       63%         4
 Anguish                  Hex/Necr       3%         N/A       71%         4
 Fulminant Prism          Conj/Hex       3%         3d5       71%         4
 Irradiate                Conj/Tmut      4%         3d13      93%         5
 Agony                    Necr           6%         N/A       96%         5
 Freezing Cloud           Conj/Ice/Air   3%         6-21      96%         5
 Simulacrum               Ice/Necr       3%         N/A       100%        6
 Enfeeble                 Hex            3%         N/A       100%        7
 Ozocubu's Refrigeration  Ice            3%         4d8       100%        7


Dungeon Overview and Level Annotations

Branches:
Dungeon (9/15)             Temple (0/1) D:4            Lair (0/5) D:9
  Sewer (visited)
    Orc: D:9-12

Altars:
Fedhas
Hepliaklqana
Okawaru
Uskayaw
Yredelemnul

Shops:
D:2 [   D:7 *

Annotations:
D:6 exclusion: oklob plant


Innate Abilities, Weirdness & Mutations

You cannot wear most types of armour.
You are amphibious.
You can wear up to eight rings at the same time.
Your skin changes colour to match your surroundings (Stealth+).
Your rubbery body absorbs attacks. (AC +1, EV +1)
((You are camouflaged when in or above water. (Stealth+)))
You have tentacles for arms and can constrict up to eight enemies at once.


Message History

Where to? (Enter - D:9, ? - help)
You see here 5 stones.
There is a stone staircase leading down, spattered with blood here.
You climb downwards.
The centaur wields a +0 shortbow.
The centaur shoots an arrow.
The arrow misses you.
The wight hits you from afar with a +3 spear of freezing!
The wight freezes you. The wight barely misses you.
The centaur shoots an arrow.
The arrow closely misses you. The wight misses you.
The wight hits you with a +2 mace!
You feel drained.
There is a stone staircase leading up, spattered with blood here.
The wight closely misses you. x2; The centaur unwields a +0 shortbow.
The centaur hits you. The centaur kicks you.
You climb upwards.
There is a stone staircase leading down, spattered with blood here.
Unknown command.
Casting: Ignite Poison (dangerous; 4% risk of failure)
Confirm with . or Enter, or press ? or * to list all spells.
Aiming: Mephitic Cloud (dangerous; 5% risk of failure)
Press: ? - help, Shift-Dir - straight line The ball explodes into a vile cloud!
The stinking cloud engulfs the wight but does no damage.
The wight hits you with a +2 mace.
Unknown command.
Casting: Mephitic Cloud (dangerous; 5% risk of failure)
Confirm with . or Enter, or press ? or * to list all spells.
You ignite the poison in your surroundings!
The wight hits you with a +2 mace!
* * * LOW HITPOINT WARNING * * *
Unknown command.
You barely miss the wight. Your grab misses the wight. The wight misses you.
You barely miss the wight. You grab the wight.
You constrict the wight, but do no damage.
The wight hits you with a +2 mace.
* * * LOW HITPOINT WARNING * * *
You hit the wight but do no damage.
You squeeze the wight, but do no damage.
You constrict the wight. The wight hits you with a +2 mace!
* * * LOW HITPOINT WARNING * * *
You feel drained.
You die...

#.#####.......#......#
.....##<[............##
#.#..........)........#
..#.##................#
.##...................#
...............[(.....#
....###...............#
.##.####.............##
.##...###.......@z.○##
#####.# ###....######
.# #.# #......# (# #.#
#.#....# .##
#.###.#....#
..###..†.......#
#..##.##.#######
##.####..# #..>##.##


You could see a wight.

Vanquished Creatures
  A hornet (D:7)
  2 wyverns
  Menkaure (D:5)
  Pargi (Sewer)
  2 ice beasts
  A black bear (D:6)
  2 orc warriors (D:8)
  2 wolves (D:9)
  3 centaurs
  An ogre (D:6)
  Blork the orc (D:6)
  4 bullfrogs
  A gnoll sergeant (D:6)
  7 scorpions
  11 wights
  21 killer bees
  3 jellies
  3 orc priests
  7 hounds
  4 sleepcaps (D:6)
  4 iguanas
  Terence (D:3)
  3 orc wizards
  Robin (D:2)
  3 adders
  11 gnolls
  A shadow imp (D:7)
  A worm (D:2)
  29 orcs
  5 bats
  12 endoplasms
  3 giant cockroaches
  5 hobgoblins
  3 quokkas
  7 ball pythons
  7 frilled lizards
  13 goblins
  5 kobolds
  5 rats
197 creatures vanquished.

Notes
Turn   | Place    | Note
-------+----------+-------------------------------------------
     0 | D:1      | Anamonty the Octopode Venom Mage began the quest for the
                  | Orb.
     0 | D:1      | Reached XP level 1. HP: 11/11 MP: 3/3
   103 | D:1      | Found a faded altar of an unknown god.
   110 | D:1      | Reached XP level 2. HP: 15/17 MP: 5/5
   172 | D:1      | Reached skill level 4 in Poison Magic
   453 | D:1      | Reached XP level 3. HP: 21/21 MP: 6/6
   811 | D:2      | Noticed Robin
   839 | D:2      | Killed Robin
   865 | D:2      | Reached XP level 4. HP: 12/27 MP: 7/7
   977 | D:2      | Found a hazy altar of Hepliaklqana.
  1253 | D:2      | Reached skill level 5 in Poison Magic
  1598 | D:2      | Found Jala's Armour Boutique.
  1886 | D:3      | Learned a level 4 spell: Olgreb's Toxic Radiance
  1946 | D:3      | Reached XP level 5. HP: 29/31 MP: 3/9
  2082 | D:3      | Found a hide-covered altar of Uskayaw.
  2252 | D:3      | Noticed Terence
  2261 | D:3      | Killed Terence
  2281 | D:3      | Found a glowing drain.
  2286 | Sewer    | Entered a sewer
  2358 | Sewer    | Noticed Pargi
  2378 | Sewer    | Learned a level 3 spell: Mephitic Cloud
  2380 | Sewer    | Killed Pargi
  2381 | Sewer    | Reached skill level 6 in Poison Magic
  2381 | Sewer    | Reached XP level 6. HP: 36/36 MP: 2/10
  3001 | D:4      | Found a staircase to the Ecumenical Temple.
  3051 | D:4      | Learned a level 3 spell: Ignite Poison
  3461 | D:4      | Reached XP level 7. HP: 41/41 MP: 12/12
  3645 | D:5      | Entered Level 5 of the Dungeon
  3645 | D:5      | Noticed Menkaure
  3830 | D:5      | Reached skill level 7 in Poison Magic
  3991 | D:5      | Found a basalt altar of Yredelemnul.
  4384 | D:5      | Killed Menkaure
  4580 | D:5      | Reached skill level 8 in Poison Magic
  4891 | D:6      | Reached XP level 8. HP: 40/46 MP: 1/14
  5229 | D:6      | Reached skill level 5 in Dodging
  5269 | D:6      | Reached skill level 9 in Poison Magic
  5554 | D:6      | Found a hazy altar of Hepliaklqana.
  5558 | D:6      | Noticed Blork the orc
  5566 | D:6      | Reached skill level 5 in Spellcasting
  5667 | D:6      | Killed Blork the orc
  6146 | D:6      | Reached skill level 10 in Poison Magic
  6146 | D:6      | Reached XP level 9. HP: 41/51 MP: 15/17
  6347 | D:6      | Found a blossoming altar of Fedhas.
  6363 | D:6      | Noticed an oklob plant
  6702 | D:7      | Found Nittef's General Store.
  6705 | D:7      | Bought a scroll of fear for 48 gold pieces
  6705 | D:7      | Bought a scroll of magic mapping for 90 gold pieces
  7058 | D:7      | Reached skill level 11 in Poison Magic
  7416 | D:7      | Noticed a hornet
  7420 | D:7      | Killed a hornet
  7652 | D:7      | Found an iron altar of Okawaru.
  7762 | D:8      | Reached skill level 12 in Poison Magic
  7820 | D:8      | Reached XP level 10. HP: 56/56 MP: 7/19
  8966 | D:9      | Found a staircase to the Lair.
  8972 | D:9      | Reached skill level 13 in Poison Magic
  9261 | D:8      | HP: 1/53 [wight/+2 mace (11)]
  9261 | D:8      | Slain by a wight

Illustrated notes

Levels and vault maps discovered:
D:1:      lemuel_arrival_lava_pool, layout_rooms, basic_ecumenical_altar
D:2:      layout_basic, serial_shops, nicolae_shop_tiny_real_fake_doors,
          basic_altar, kennysheep_cross_bottleneck, uniq_robin
D:3:      layout_basic, lemuel_doored_altar, portal_sewer_entry_e, uniq_terence
D:4:      layout_gridville, minmay_temple_entry_trees, wad_orctagon
D:5:      layout_cave_pools, mainiacjoe_overflow_surrounded_room, uniq_menkaure
D:6:      layout_loops_ring, mainiacjoe_overflow_cross_hatched, tgw_fedhas,
          minmay_misc_feat_nine_boxes, kennysheep_small_spiral, minivault_4,
          uniq_blork_the_orc
D:7:      layout_basic, kennysheep_mini_moat, serial_shops,
          nicolae_shop_window_shopping
D:8:      layout_rooms
D:9:      layout_cave_pods, mainiacjoe_overflow_tiny_flanked, erik_lair_island

Skill      XL: |  1  2  3  4  5  6  7  8  9 10 |
---------------+-------------------------------+-----
Poison Magic   | 4 5 6 8 10 12 13 | 13.1
Dodging        | 3 4 5 7 |  7.8
Spellcasting   | 3 4 5 6 7 |  7.2
Fighting       | |  0.3
Stealth        | |  2.9
Transmutations | |  1.1

Action                     |  1- 3 |  4- 6 |  7- 9 | 10-12 || total
---------------------------+-------+-------+-------+-------++-------
  Melee: Dagger            |    54 |    60 |    82 |    29 ||   225
         Unarmed           |     3 |       |       |       ||     3
         Tentacles         |     7 |    18 |    26 |    12 ||    63
         Constrict         |     7 |    15 |    20 |    12 ||    54
         Punch             |       |     1 |     3 |       ||     4
   Cast: Sting             |     7 |     8 |    25 |     1 ||    41
         Olgreb's Toxic Ra |       |     4 |    32 |    10 ||    46
         Mephitic Cloud    |       |     1 |     5 |    12 ||    18
         Ignite Poison     |       |       |    12 |    20 ||    32
    Use: Scroll            |       |     5 |     1 |     5 ||    11
         Potion            |       |       |     1 |       ||     1
   Stab: Sleeping          |    10 |    11 |    10 |     2 ||    33
 Armour: Skin              |     4 |     4 |     2 |     1 ||    11
  Dodge: Dodged            |    32 |    33 |    64 |    51 ||   180

Table legend: (Time is in decaauts)
 A = Elapsed time spent in this place.
 B = Non-inter-level travel time spent in this place.
 C = Inter-level travel time spent in this place.
 D = Time resting spent in this place.
 E = Time spent auto-exploring this place.
 F = Levels seen in this place.
 G = Mean time per level.
                   A        B        C        D        E       F      G
               +--------+--------+--------+--------+--------+-----+--------+
         Total |   9262 |   8896 |    366 |    200 |   6690 |  10 |  926.2 |
       Dungeon |   8978 |   8612 |    366 |    200 |   6484 |   9 |  997.6 |
         Sewer |    283 |    283 |      0 |      0 |    206 |   1 |  283.0 |
               +--------+--------+--------+--------+--------+-----+--------+

Top non-repeatable levels by time:
     D:6: 1598 daAuts
     D:7: 1514 daAuts
     D:2: 1280 daAuts
     D:8: 1081 daAuts
     D:4: 1061 daAuts
     D:5: 1030 daAuts
     D:3: 725 daAuts
     D:1: 545 daAuts
   Sewer: 283 daAuts
     D:9: 140 daAuts
